 Dungeon Crawl Stone Soup version 0.28-a0-439-g4cf4cd4993 (webtiles) character file.

Game seed: 647230612401361928

7 Gargoyl the Skirmisher (level 2, 4/29 HPs)
             Began as a Gnoll Abyssal Knight on Sept 11, 2021.
             Was an Initiate of Lugonu.
             Quit the game on level 1 of the Dungeon.
             The game lasted 00:00:40 (81 turns).

Gargoyl the Skirmisher (Gnoll Abyssal Knight)         Turns: 81, Time: 00:00:41

Health: 4/29       AC:  3    Str: 11    XL:     2   Next: 0%
Magic:  4/5        EV: 11    Int: 11    God:    Lugonu [......]
Gold:   35         SH:  0    Dex: 11    Spells: 1/1 levels left

rFire   . . .      SeeInvis .   a - +1 hand axe
rCold   . . .      Faith    .   (no shield)
rNeg    . . .      Spirit   .   b - +0 leather armour
rPois   .          Reflect  .   (no helmet)
rElec   .          Harm     .   (no cloak)
rCorr   .          Rampage  .   (no gloves)
Will    .....                   (no boots)
Stlth   +.........              (no amulet)
HPRegen 0.09/turn               (no ring)
MPRegen 0.09/turn               (no ring)

@: no status effects
A: fangs 1, strong nose, distributed training
a: Renounce Religion


You were on level 1 of the Dungeon.
You worshipped Lugonu.
Lugonu was noncommittal.
You visited 1 branch of the dungeon, and saw 1 of its levels.
You visited the Abyss 1 time.

You collected 35 gold pieces.

Inventory:

Hand Weapons
 a - a +1 hand axe (weapon)
Missiles
 c - 7 javelins
Armour
 b - a +0 leather armour (worn)
Miscellaneous
 d - a lightning rod (inert)


   Skills:
 + Level 6.4 Fighting
 + Level 0.2 Short Blades
 + Level 0.2 Long Blades
 + Level 4.4 Axes
 + Level 0.2 Maces & Flails
 + Level 0.2 Polearms
 + Level 0.2 Staves
 + Level 0.2 Slings
 + Level 0.2 Bows
 + Level 0.2 Crossbows
 + Level 0.2 Throwing
 + Level 4.4 Armour
 + Level 2.4 Dodging
 + Level 0.2 Stealth
 + Level 0.2 Shields
 + Level 0.2 Unarmed Combat
 + Level 0.2 Spellcasting
 + Level 0.1 Conjurations
 + Level 0.1 Hexes
 + Level 0.1 Summonings
 + Level 0.1 Necromancy
 + Level 0.1 Translocations
 + Level 0.1 Transmutations
 + Level 0.1 Fire Magic
 + Level 0.1 Ice Magic
 + Level 0.1 Air Magic
 + Level 0.1 Earth Magic
 + Level 0.1 Poison Magic
 + Level 4.4 Invocations
 + Level 0.2 Evocations


You had one spell level left.
You didn't know any spells.
Your spell library was empty.

Dungeon Overview and Level Annotations

Branches:
Dungeon (1/15)

Altars:


Innate Abilities, Weirdness & Mutations

You have very sharp teeth.
Your uncanny sense of smell can sniff out nearby items.
Your experience applies equally to all skills.


Message History

You hit the white imp.
The white imp is moderately wounded.
The white imp hits you. The white imp freezes you.
Aiming: Thunderbolt
Press: ? - help, Shift-Dir - straight line, f - white imp
Aim: a white imp (moderately wounded)
The thunderbolt hits the white imp.
The white imp is severely wounded.
The white imp gestures at you. The puff of frost hits you!
* * * LOW HITPOINT WARNING * * *
Aiming: Thunderbolt
Press: ? - help, Shift-Dir - straight line, f/p - white imp
Aim: a white imp (severely wounded)
The thunderbolt hits the white imp!
You kill the white imp!
You have reached level 2!
A small abomination comes into view.
Found a scroll labelled ZAOPRE KI JOXO.
Aiming: Thunderbolt
Press: ? - help, Shift-Dir - straight line, f - small abomination
Aim: a small abomination The thunderbolt hits the small abomination.
The small abomination is lightly damaged.
Unknown command.
Aiming: Thunderbolt
Press: ? - help, Shift-Dir - straight line, f/p - small abomination
Aim: a small abomination (lightly damaged)
The thunderbolt hits the small abomination!
The small abomination is severely damaged.
The lightning rod overheats!
Non-targeted abil: Depart the Abyss
Press: ? - help, Q - select action, (/) - cycle Dir - look around, f - activate You pass through the gate.
You can no longer depart the Abyss at will.
There is a staircase leading out of the dungeon here.
Are you sure you want to abandon this character and quit the game? (Confirm with "yes".)
Okay, then.
Unknown command.
Are you sure you want to abandon this character and quit the game? (Confirm with "yes".)

## #. #.
##.##
#..@#
#....###
###. # ∆


There were no monsters in sight!

Vanquished Creatures
  A white imp (Abyss:2)
1 creature vanquished.

Notes
Turn   | Place    | Note
-------+----------+-------------------------------------------
     0 | Abyss:1  | Gargoyl the Gnoll Abyssal Knight began the quest for the
                  | Orb.
     0 | Abyss:1  | Reached XP level 1. HP: 23/23 MP: 3/3
    22 | Abyss:2  | Noticed a titan skeleton
    56 | Abyss:2  | Found a candlelit altar of Ignis.
    73 | Abyss:2  | Reached XP level 2. HP: 3/29 MP: 5/5
    76 | Abyss:2  | Noticed a small abomination
    80 | D:1      | Escaped the Abyss
    81 | D:1      | Quit the game

Illustrated notes

Levels and vault maps discovered:
D:1:      dpeg_arrival_round_a, layout_basic, basic_ecumenical_altar,
          amcnicky_mini_corridor_feature

Action                   || total
-------------------------++-------
Melee: Hand axe          ||     3
Invok: Depart the Abyss  ||     1
Evoke: Lightning rod     ||     4
Dodge: Dodged            ||     2

Table legend: (Time is in decaauts)
 A = Elapsed time spent in this place.
 B = Non-inter-level travel time spent in this place.
 C = Inter-level travel time spent in this place.
 D = Time resting spent in this place.
 E = Time spent auto-exploring this place.
 F = Levels seen in this place.
 G = Mean time per level.
                   A        B        C        D        E       F      G
               +--------+--------+--------+--------+--------+-----+--------+
         Total |     80 |     80 |      0 |      0 |     39 |   3 |   26.7 |
       Dungeon |      0 |      0 |      0 |      0 |      0 |   1 |    0.0 |
         Abyss |     80 |     80 |      0 |      0 |     39 |   2 |   40.0 |
               +--------+--------+--------+--------+--------+-----+--------+

Top non-repeatable levels by time:
 Abyss:2: 75 daAuts
 Abyss:1: 5 daAuts
     D:1: 0 daAuts
